 Dungeon Crawl Stone Soup version 0.29.0-4-gdea44cf6ec (webtiles) character file.

Game seed: 8809539219435722366

2 qw the Chopper (level 1, 0/12 HPs)
             Began as a Tengu Warper on Aug 29, 2022.
             Slain by an endoplasm (2 damage)
             ... on level 1 of the Dungeon.
             The game lasted 00:00:00 (66 turns).

qw the Chopper (Tengu Warper)                         Turns: 66, Time: 00:00:00

Health: 0/12       AC:  3    Str: 11    XL:     1   Next: 40%
Magic:  4/4        EV: 11    Int: 13    God:
Gold:   12         SH:  0    Dex: 13    Spells: 4/4 levels left

rFire   . . .      SeeInvis .   a - +0 hand axe
rCold   . . .      Faith    .   (no shield)
rNeg    . . .      Spirit   .   b - +0 leather armour
rPois   .          Reflect  .   (helmet restricted)
rElec   .          Harm     .   (no cloak)
rCorr   .          Rampage  .   (no gloves)
Will    .....                   (boots unavailable)
Stlth   +.........              (no amulet)
HPRegen 0.04/turn               (no ring)
MPRegen 0.09/turn               (no ring)

@: no status effects
A: beak, talons 3
a: no special abilities


You were on level 1 of the Dungeon.
You visited 1 branch of the dungeon, and saw 1 of its levels.

You collected 12 gold pieces.


Innate Abilities, Weirdness & Mutations

You have a beak for a mouth.
You have claws for feet.


   Skills:
 - Level 2.0 Fighting
 + Level 2.5 Axes
 - Level 1.0 Throwing
 - Level 1.1 Armour
 - Level 2.1 Dodging
 - Level 2.0 Spellcasting
 - Level 2.4 Translocations


You had 4 spell levels left.
You didn't know any spells.
Your spell library contained the following spells:

 Spells                   Type           Power      Damage    Failure   Level
 Blink                    Tloc           14%        N/A       19%         2
 Gell's Gravitas          Tloc           7%         N/A       36%         3
 Lesser Beckoning         Tloc           7%         N/A       36%         3
 Teleport Other           Tloc           7%         N/A       36%         3
 Manifold Assault         Tloc           7%         N/A       98%         5

Inventory:

Hand Weapons
 a - a +0 hand axe (weapon)
Missiles
 d - 3 boomerangs of dispersal (quivered)
Armour
 b - a +0 leather armour (worn)
 e - a +0 ring mail
Scrolls
 c - a scroll of blinking
 f - a scroll of identify {unknown}

Dungeon Overview and Level Annotations

Branches:
Dungeon (1/15)

Altars:


Message History

Throw: 5 boomerangs (disperse)
Press: ? - help, Q - select action Shift-Dir - straight line, f - kobold You throw a boomerang of dispersal.
The boomerang of dispersal closely misses the kobold.
Throw: 4 boomerangs (disperse)
Press: ? - help, Q - select action Shift-Dir - straight line, f/p - kobold You throw a boomerang of dispersal.
The boomerang of dispersal barely misses the kobold.
You hit the kobold but do no damage. You peck the kobold, but do no damage.
The kobold hits you with a +0 short sword. x2
The hobgoblin hits you.
You hit the kobold.
The kobold is severely wounded.
You hit the hobgoblin but do no damage. The kobold hits you but does no damage.
The hobgoblin barely misses you.
You barely miss the kobold. Your kick misses the kobold.
The kobold is severely wounded.
You hit the hobgoblin but do no damage.
The hobgoblin hits you but does no damage.
The kobold misses you.
You closely miss the kobold.
The kobold is severely wounded.
You hit the hobgoblin. The hobgoblin hits you.
The kobold hits you but does no damage.
You hit the kobold.
You kill the kobold!
You barely miss the hobgoblin. The hobgoblin barely misses you.
You hit the hobgoblin.
You kill the hobgoblin!
You hit the endoplasm.
The endoplasm hits you but does no damage.
The endoplasm freezes you.
You are frozen.
You barely miss the endoplasm.
The endoplasm is heavily wounded.
You hit the ball python.
You kill the ball python!
The endoplasm hits you.
You die...

#.# ####^.....##
#.# #....#.#...#
#.#####..######.#
#.##...#...# ..#
#..#.##.#..### ..
#....####..#.## #
#.#### ##..#.##
#.# ##..#.## #@#
##....##
#J%...... ###.#.#
##.#..... #.....
#. ...# ##.##. #.
..# #..... ?. ..
###### .. # ...


You could see an endoplasm.

Vanquished Creatures
  A hobgoblin (D:1)
  A ball python (D:1)
  A bat (D:1)
  A kobold (D:1)
4 creatures vanquished.

Notes
Turn   | Place    | Note
-------+----------+-------------------------------------------
     0 | D:1      | qw the Tengu Warper began the quest for the Orb.
     0 | D:1      | Reached XP level 1. HP: 12/12 MP: 4/4
     0 | D:1      | 0 ||| qw: Version: 0.1-a-89-g26bdef1
     0 | D:1      | 0 ||| qw: Game counter: 3560
     0 | D:1      | 0 ||| qw: Always use a shield: true
     0 | D:1      | 0 ||| qw: God list: Okawaru
     0 | D:1      | 0 ||| qw: Allow faded altars: false
     0 | D:1      | 0 ||| qw: Do Orc after D:15 true
     0 | D:1      | 0 ||| qw: Do second Lair branch before Depths: true
     0 | D:1      | 0 ||| qw: Lair rune preference: random
     0 | D:1      | 0 ||| qw: Plans: Normal
     0 | D:1      | 0 ||| PLANNING D:1-11
    65 | D:1      | HP: 2/12 [frozen (3)]
    66 | D:1      | Slain by an endoplasm

Levels and vault maps discovered:
D:1:      lemuel_arrival_tunnels, layout_loops_ring,
          shapermc_ecumenical_altar_notcrosses

Action                   || total
-------------------------++-------
Melee: Hand axe          ||     7
       Peck              ||     1
Throw: Boomerang         ||     4
Armor: Leather armour    ||     4
Dodge: Dodged            ||     3

Table legend:
 A = Non-vault XP
 B = Vault XP
 C = Vault XP percentage of total XP
 D = Non-vault monster count
 E = Vault monster count
 F = Vault count percentage of total count
                 A         B        C        D         E       F
            +---------+---------+-------+---------+---------+-------
      Total |       5 |       0 |   0.0 |       4 |       0 |   0.0
            +---------+---------+-------+---------+---------+-------
        D:1 |       5 |       0 |   0.0 |       4 |       0 |   0.0
            +---------+---------+-------+---------+---------+-------
